 Dungeon Crawl Stone Soup version 0.28.0 (webtiles) character file.

Game seed: 11237747847853969495

316 a3don the Skirmisher (level 6, -1/56 HPs)
             Began as a Hill Orc Fighter on Feb 15, 2022.
             Slain by Edmund (4 damage)
             ... on level 4 of the Dungeon.
             The game lasted 00:03:56 (3661 turns).

a3don the Skirmisher (Hill Orc Fighter)             Turns: 3661, Time: 00:03:57

Health: -1/56      AC:  8    Str: 19    XL:     6   Next: 44%
Magic:  6/6        EV:  9    Int: 10    God:
Gold:   113        SH:  4    Dex: 10    Spells: 5/5 levels left

rFire   . . .      SeeInvis .   a - +0 war axe
rCold   . . .      Faith    .   c - +0 buckler
rNeg    . . .      Spirit   .   b - +0 scale mail
rPois   .          Reflect  .   l - +0 helmet
rElec   .          Harm     .   (no cloak)
rCorr   .          Rampage  .   (no gloves)
Will    .....                   (no boots)
Stlth   ..........              (no amulet)
HPRegen 0.18/turn               (no ring)
MPRegen 0.10/turn               (no ring)

@: no status effects
A: no striking features
a: no special abilities


You were on level 4 of the Dungeon.
You visited 1 branch of the dungeon, and saw 4 of its levels.

You collected 113 gold pieces.

Inventory:

Hand Weapons
 a - a +0 war axe (weapon)
 j - a +1 dagger of venom
Missiles
 o - 10 boomerangs (quivered)
Armour
 b - a +0 scale mail (worn)
 c - a +0 buckler (worn)
 l - a +0 helmet (worn)
Scrolls
 f - 5 scrolls of identify {unknown}
 h - a scroll of immolation {unknown}
 k - a scroll of enchant weapon {unknown}
 n - a scroll of vulnerability {unknown}
 p - a scroll of fear {unknown}
 r - a scroll of blinking {unknown}
 t - a scroll of magic mapping {unknown}
Potions
 d - 3 potions of might
 e - 3 potions of heal wounds {unknown}
 g - a potion of attraction {unknown}
 i - a potion of mutation {unknown}
 m - a potion of degeneration {unknown}
 q - a potion of haste {unknown}
 s - a potion of flight {unknown}


   Skills:
 + Level 5.3 Fighting
 + Level 4.9 Axes
 + Level 4.7 Armour
 + Level 4.7 Shields


You had 5 spell levels left.
You didn't know any spells.
Your spell library contained the following spells:

 Spells                   Type           Power      Damage    Failure   Level
 Beastly Appendage        Tmut           0%         N/A       80%         1
 Foxfire                  Conj/Fire      0%         2x1d4     80%         1
 Wereblood                Tmut           0%         N/A       91%         2
 Conjure Flame            Conj/Fire      0%         6-21      99%         3
 Dazzling Flash           Conj/Hex       0%         N/A       99%         3
 Inner Flame              Hex/Fire       0%         N/A       99%         3
 Spider Form              Tmut/Pois      0%         N/A       99%         3
 Flame Wave               Conj/Fire      0%         2d4       100%        4
 Agony                    Necr           0%         N/A       100%        5
 Silence                  Hex/Air        0%         N/A       100%        5


Dungeon Overview and Level Annotations

Branches:
Dungeon (4/15)
 Temple: D:4-7

Altars:
Hepliaklqana
Ru
Zin

Shops:
D:2 [

Annotations:
D:4 Edmund


Message History

You hit Edmund.
Edmund is heavily wounded.
Edmund hits you with a +1 flail of holy wrath. x2
You barely miss Edmund.
Edmund is heavily wounded.
Edmund says, "I might not be good at magic, but I can still kill you!"
Edmund closely misses you.
You closely miss Edmund.
Edmund is heavily wounded.
Edmund hits you with a +1 flail of holy wrath.
You completely miss Edmund.
Edmund is heavily wounded.
Edmund hits you with a +1 flail of holy wrath! x2
You are too injured to fight recklessly!
You are too injured to fight recklessly!
You are too injured to fight recklessly!
You hit Edmund.
Edmund is heavily wounded.
Edmund barely misses you.
You hit Edmund.
Edmund is severely wounded.
Edmund hits you with a +1 flail of holy wrath!
* * * LOW HITPOINT WARNING * * *
You closely miss Edmund.
Edmund is severely wounded.
Edmund hits you with a +1 flail of holy wrath!
* * * LOW HITPOINT WARNING * * *
Edmund barely misses you.
You closely miss Edmund.
Edmund is severely wounded.
You block Edmund's attack.
You hit Edmund.
Edmund is severely wounded.
Edmund barely misses you.
You slash Edmund!
Edmund is almost dead.
Edmund hits you but does no damage.
Edmund asks, "Have you met my wondrous brother?"
Edmund hits you with a +1 flail of holy wrath.
You die...

#. #.#.# ##.....##
# #. #.#.# ##...##
# ..#.# ##'##
....##### #.#
...... ..# #.#
######.###.##
#...##.##...#.#
#.##.#...........#
#.....@##.##...#.#
#.#..@###.###.##.#
#...#. #.# #.# .
#.. .. ..# #.# ##
#.. ### .## #.# #.
#. #.# . .. #.#


You could see Edmund.

Vanquished Creatures
  A necrophage (D:4)
  A bullfrog skeleton (D:3)
  Jessica (D:2)
  An orc wizard (D:3)
  Robin (D:2)
  A gnoll (D:1)
  2 adders (D:2)
  A worm (D:2)
  10 dart slugs
  5 orcs (D:3)
  3 bats (D:3)
  6 endoplasms
  7 giant cockroaches
  14 goblins
  10 hobgoblins
  3 jackals (D:1)
  3 quokkas
  3 ball pythons
  4 frilled lizards
  3 kobolds
  3 rats
83 creatures vanquished.

Notes
Turn   | Place    | Note
-------+----------+-------------------------------------------
     0 | D:1      | a3don the Hill Orc Fighter began the quest for the Orb.
     0 | D:1      | Reached XP level 1. HP: 19/19 MP: 1/1
    83 | D:1      | Reached XP level 2. HP: 25/27 MP: 2/2
   429 | D:1      | Reached skill level 4 in Fighting
   429 | D:1      | Reached XP level 3. HP: 7/33 MP: 3/3
  1300 | D:2      | Found Nikhapt's Antique Armour Boutique.
  1301 | D:2      | Noticed Robin
  1347 | D:2      | Reached XP level 4. HP: 35/40 MP: 4/4
  1363 | D:2      | Killed Robin
  1627 | D:2      | Noticed Jessica
  1633 | D:2      | Killed Jessica
  2179 | D:3      | Reached XP level 5. HP: 41/47 MP: 5/5
  3065 | D:3      | Found a sacrificial altar of Ru.
  3094 | D:3      | Reached skill level 5 in Fighting
  3143 | D:3      | Reached XP level 6. HP: 43/56 MP: 6/6
  3309 | D:3      | Found a faded altar of an unknown god.
  3498 | D:4      | Found a glowing silver altar of Zin.
  3498 | D:4      | Found a hazy altar of Hepliaklqana.
  3552 | D:4      | Noticed a necrophage
  3562 | D:4      | Killed a necrophage
  3644 | D:4      | Noticed Edmund
  3658 | D:4      | HP: 2/56 [Edmund (10)]
  3661 | D:4      | Slain by Edmund

Illustrated notes

Levels and vault maps discovered:
D:1:      wheals_arrival_linesprint, layout_rooms, serial_bayou_pond_c
D:2:      layout_basic, serial_shops, shop, grunt_ministairs_15,
          grunt_decor_mini_mirrors, minmay_misc_feat_hallway, uniq_jessica,
          uniq_robin
D:3:      kennysheep_slugbush, layout_rooms, nicolae_ru_awakened_eye,
          ebering_ecumenical_altar_sacrificial
D:4:      minmay_chambers_of_threes, layout_loops_corners,
          nicolae_vehumet_altar_sigil,
          chequers_temple_overflow_statue_of_worship, minmay_fractal_squares_5,
          uniq_duvessa, uniq_blork_the_orc, uniq_edmund

Skill      XL: |  1  2  3  4  5 |
---------------+----------------+-----
Axes           | 3 4 |  4.9
Fighting       | 4 5 |  5.3
Armour         | 4 |  4.7
Shields        | 4 |  4.7

Action                   |  1- 3 |  4- 6 || total
-------------------------+-------+-------++-------
Melee: War axe           |    89 |   131 ||   220
Throw: Boomerang         |       |     7 ||     7
Armor: Scale mail        |    35 |    85 ||   120
Dodge: Dodged            |    44 |    66 ||   110
Block: Buckler           |    17 |    26 ||    43
